 Dungeon Crawl Stone Soup version 0.25-a0-558-g78a2afb0af (webtiles) character file.

Game seed: 8612876480288006630, levelgen mode: deterministic

14232 Emblim88 the Nimble (level 11, 0/97 HPs)
             Began as a Minotaur Abyssal Knight on Feb 24, 2020.
             Was the Champion of Lugonu.
             Slain by an unseen horror (6 damage)
             ... on level 11 of the Dungeon.
             The game lasted 00:37:43 (17462 turns).

Emblim88 the Nimble (Minotaur Abyssal Knight)      Turns: 17462, Time: 00:37:43

Health: 0/97       AC:  8    Str: 18    XL:     11   Next: 86%
Magic:  0/17       EV: 19    Int: 15    God:    Lugonu [******]
Gold:   584        SH:  0    Dex: 15    Spells: 10/10 levels left

rFire    x . .     SeeInvis .   K - +0 great sword
rCold    + . .     Gourm    .   (shield currently unavailable)
rNeg     . . .     Faith    .   B - +1 leather armour "Liujil" {Int+6 Dex+3 Stlth-}
rPois    +         Spirit   +   (helmet restricted)
rElec    .         Reflect  .   k - +0 cloak
rCorr    .         Harm     .   x - +0 pair of gloves
MR       .....                  (no boots)
Stlth    ..........             o - amulet of guardian spirit
HPRegen  0.26/turn              D - ring of ice
MPRegen  0.15/turn              M - ring of poison resistance

@: no status effects
A: retaliatory headbutt, horns 2
a: Depart the Abyss, Bend Space, Banish, Corrupt, Enter the Abyss, Brand Weapon
With Distortion, Renounce Religion


You were on level 11 of the Dungeon.
You worshipped Lugonu.
Lugonu was exalted by your worship.
You were not hungry.

You visited 1 branch of the dungeon, and saw 11 of its levels.
You visited the Abyss 1 time.

You collected 787 gold pieces.
You spent 203 gold pieces at shops.

Inventory:

Hand Weapons
 f - a +3 falchion of freezing
 i - a +2 demon whip of venom
 u - a +0 short sword of flaming
 K - a +0 great sword (weapon)
Missiles
 b - 25 poisoned darts (quivered)
 g - 374 stones
 r - 9 boomerangs
 w - 2 javelins
 z - 5 throwing nets
Armour
 k - a +0 cloak (worn)
 v - a +0 scale mail
 x - a +0 pair of gloves (worn)
 A - a +1 leather armour of magic resistance
 B - the +1 leather armour "Liujil" (worn) {Int+6 Dex+3 Stlth-}
   (You bought it in a shop on level 10 of the Dungeon)

   It affects your intelligence (+6).
   It affects your dexterity (+3).
   It makes you less stealthy.
   If you remove this armour, your AC will decrease by 6 (8 -> 2).
 G - a +2 kite shield
Jewellery
 o - an amulet of guardian spirit (around neck)
 D - a ring of ice (left hand)
 F - an uncursed ring of positive energy {unknown}
 M - a ring of poison resistance (right hand)
 Q - an uncursed ring of see invisible {unknown}
Wands
 a - a wand of disintegration (5)
 d - a wand of polymorph (10)
 h - a wand of iceblast (6)
 m - a wand of paralysis (1)
 E - a wand of clouds (4)
 I - a wand of flame (35)
Scrolls
 e - 3 scrolls of magic mapping
 j - 4 scrolls of amnesia
 s - 5 scrolls of remove curse
 y - 2 scrolls of fog
 C - 2 scrolls of teleportation
 H - 4 scrolls of immolation
 J - a scroll of noise
 L - 2 scrolls of enchant weapon
 R - 2 scrolls of identify
Potions
 l - 2 potions of ambrosia
 n - 2 potions of curing
 p - 2 potions of brilliance
 q - 2 potions of flight
 t - a potion of stabbing
 N - 2 potions of invisibility {unknown}
 P - a potion of might {unknown}
Comestibles
 c - 23 rations
 O - 12 chunks of flesh


   Skills:
 + Level 9.1 Fighting
 * Level 9.1 Long Blades
 + Level 8.8 Armour
 * Level 10.6 Dodging
 - Level 6.0 Shields
 * Level 9.6 Invocations
 + Level 3.5 Evocations


You had 10 spell levels left.
You didn't know any spells.
Your spell library contained the following spells:

 Spells                   Type           Power        Failure   Level  Hunger
 Animate Skeleton         Necr           N/A          30%         1    ##.....
 Apportation              Tloc           #.....       30%         1    ##.....
 Corona                   Hex            #......      30%         1    ##.....
 Freeze                   Ice            #...         30%         1    ##.....
 Magic Dart               Conj           #...         30%         1    ##.....
 Summon Small Mammal      Summ           #...         30%         1    ##.....
 Blink                    Tloc           N/A          43%         2    ###....
 Call Imp                 Summ           #.......     43%         2    ###....
 Slow                     Hex            #.......     43%         2    ###....
 Confusing Touch          Hex            #.......     67%         3    ####...
 Conjure Flame            Conj/Fire      #.......     67%         3    ####...
 Frozen Ramparts          Ice            #.....       67%         3    ####...
 Gell's Gravitas          Tloc           #.........   67%         3    ####...
 Inner Flame              Hex/Fire       #.......     67%         3    ####...
 Mephitic Cloud           Conj/Pois/Air  #.......     67%         3    ####...
 Ozocubu's Armour         Chrm/Ice       #.......     67%         3    ####...
 Portal Projectile        Hex/Tloc       #.....       67%         3    ####...
 Cause Fear               Hex            #.........   97%         4    #####..
 Hailstorm                Conj/Ice       #.......     97%         4    #####..
 Leda's Liquefaction      Hex/Erth       #.........   97%         4    #####..
 Petrify                  Tmut/Erth      #.......     97%         4    #####..
 Summon Ice Beast         Ice/Summ       #.......     97%         4    #####..
 Metabolic Englaciation   Hex/Ice        #.........   100%        5    ######.
 Yara's Violent Unravell  Hex/Tmut       #.........   100%        5    ######.


Dungeon Overview and Level Annotations

Branches:
Dungeon (11/15)            Temple (0/1) D:4            Lair (0/6) D:9
    Orc (0/2) D:9

Altars:
Fedhas
Hepliaklqana
Kikubaaqudgha
Makhleb
Sif Muna
Trog
The Shining One

Shops:
D:10 [

Annotations:
D:8 3 runed translucent doors, iVAG's ghost, novice TeCj
D:9 2 transporters


Innate Abilities, Weirdness & Mutations

You reflexively headbutt those who attack you in melee.
You have a pair of horns on your head.


Message History

You closely miss something. Something hits you. Something closely misses you.
Something hits you but does no damage.
Something hits you but does no damage. x2
Something hits you.
* * * LOW HITPOINT WARNING * * *
Something hits you!
* * * LOW HITPOINT WARNING * * *
Something hits you.
* * * LOW HITPOINT WARNING * * *
Something hits you but does no damage.
You barely miss something. Something hits you.
* * * LOW HITPOINT WARNING * * *
Something hits you!
* * * LOW HITPOINT WARNING * * *
Something hits you.
* * * LOW HITPOINT WARNING * * *
Something hits you but does no damage.
You slash something! Something hits you!
You die...

......#..##.#....
.......##..#.#...
......####...# ....#
.....# #...#####...#
.....#####...[...#...#
....<........##.##...#
..........#.##..#...#
........###.###.#...#####.
......[.....@...#.........
..........#.###.'.))......
........#.#.# ###.........
##...####.#.# ##########
#.#. #.#.# ##. ..... ##
..... .[...


There were no monsters in sight!

Vanquished Creatures
  A hydra (D:11)
  Harold (D:9)
  A two-headed ogre (D:10)
  An unseen horror (D:11)
  A cyclops (D:10)
  An ugly thing (D:11)
  A komodo dragon (D:10)
  A merfolk (D:9)
  A troll (D:9)
  Grinder (D:3)
  4 hippogriffs
  6 yaks
  A wyvern (D:11)
  A basilisk (D:9)
  4 porcupines (D:9)
  A water moccasin (D:10)
  3 ice beasts
  8 orc warriors
  5 sky beasts
  4 black bears
  A necrophage (D:8)
  7 phantoms
  2 eyes of draining
  9 ogres
  4 centaurs
  3 crocodiles (D:9)
  7 bullfrogs
  A big kobold (D:11)
  2 gnoll sergeants
  A wyvern skeleton (D:6)
  A troll zombie (D:9)
  4 scorpions
  10 killer bees
  10 wights
  A howler monkey (D:4)
  5 crimson imps
  A bullfrog zombie (D:5)
  2 quasits
  5 hounds
  7 jellies
  15 orc wizards
  A centaur skeleton (D:8)
  2 orc priests
  3 bullfrog skeletons
  2 iguanas
  9 worker ants
  5 ogre zombies (D:9)
  A worker ant zombie (D:6)
  7 gnolls
  A howler monkey skeleton (D:11)
  11 adders
  A shadow imp (D:11)
  An ooze (D:3)
  An adder zombie (D:4)
  An adder skeleton (D:6)
  3 worms
  2 dart slugs
  7 leopard geckos
  49 orcs
  3 ball pythons
  6 bats
  4 giant cockroaches
  8 hobgoblins
  14 jackals
  4 quokkas
  6 frilled lizards
  11 goblins
  5 goblin zombies (D:9)
  2 hobgoblin skeletons (D:9)
  2 hobgoblin zombies (D:9)
  2 jackal skeletons (D:5)
  18 kobolds
  A leopard gecko skeleton (D:4)
  10 orc zombies (D:9)
  A quokka skeleton (D:2)
  6 rats
355 creatures vanquished.

Vanquished Creatures (others)
  Erica (D:10)
  2 fungi (D:9)
  A plant (D:9)
4 creatures vanquished.

Grand Total: 359 creatures vanquished

Notes
Turn   | Place    | Note
-------+----------+-------------------------------------------
     0 | Abyss:1  | Emblim88 the Minotaur Abyssal Knight began the quest for
                  | the Orb.
     0 | Abyss:1  | Reached XP level 1. HP: 19/19 MP: 1/1
    20 | Abyss:1  | Noticed a neqoxec
    21 | D:1      | Escaped the Abyss
   204 | D:1      | Reached XP level 2. HP: 22/27 MP: 2/2
   214 | D:1      | Reached * piety under Lugonu
   751 | D:1      | Reached XP level 3. HP: 30/33 MP: 3/3
  1069 | D:1      | Reached skill level 2 in Dodging
  1634 | D:2      | Reached XP level 4. HP: 30/40 MP: 4/4
  1646 | D:2      | Reached ** piety under Lugonu
  2348 | D:3      | Noticed Grinder
  2402 | D:3      | Killed Grinder
  2402 | D:3      | Reached skill level 3 in Dodging
  2402 | D:3      | Reached XP level 5. HP: 3/47 MP: 4/6
  2402 | D:3      | Reached XP level 6. HP: 4/55 MP: 4/7
  2902 | D:3      | Reached skill level 4 in Dodging
  3435 | D:4      | Found a burning altar of Makhleb.
  3435 | D:4      | Found a hazy altar of Hepliaklqana.
  3616 | D:4      | Reached skill level 5 in Fighting
  3648 | D:4      | Reached XP level 7. HP: 58/61 MP: 8/8
  3731 | D:4      | Reached *** piety under Lugonu
  4105 | D:4      | Found a staircase to the Ecumenical Temple.
  4185 | D:4      | Reached skill level 5 in Dodging
  4227 | D:4      | Found a blossoming altar of Fedhas.
  4618 | D:4      | Found a bloodstained altar of Trog.
  5201 | D:5      | Entered Level 5 of the Dungeon
  5483 | D:5      | Reached skill level 5 in Armour
  5559 | D:5      | Reached XP level 8. HP: 35/70 MP: 10/10
  5891 | D:5      | Reached skill level 5 in Long Blades
  6259 | D:6      | Reached skill level 6 in Dodging
  6259 | D:6      | Reached skill level 5 in Invocations
  6569 | D:6      | Reached skill level 1 in Shields
  7049 | D:6      | Found a glowing golden altar of the Shining One.
  7062 | D:6      | Reached **** piety under Lugonu
  7914 | D:7      | Reached XP level 9. HP: 62/78 MP: 12/12
  8048 | D:7      | Reached skill level 7 in Dodging
  9068 | D:7      | Found a shimmering blue altar of Sif Muna.
  9728 | D:8      | Reached skill level 8 in Dodging
  9925 | D:8      | Reached XP level 10. HP: 66/86 MP: 14/14
 10087 | D:8      | Found a runed translucent gate.
 10087 | D:8      | Found a runed translucent gate.
 10097 | D:8      | Noticed iVAG's ghost (novice TeCj)
 10106 | D:8      | Identified the +7 whip of Beogh's Indignation {elec,
                  | *Corrode rElec Int+8}
 10110 | D:8      | Found a runed translucent gate.
 10972 | D:9      | Reached ***** piety under Lugonu
 11207 | D:9      | Found a staircase to the Orcish Mines.
 11340 | D:9      | Reached skill level 1 in Evocations
 11461 | D:9      | Reached skill level 9 in Dodging
 11468 | D:9      | Reached skill level 5 in Shields
 11921 | D:9      | Found a staircase to the Lair.
 12467 | D:9      | Found a transporter.
 12470 | D:9      | Noticed a glowing orange brain
 12604 | D:9      | Found a transporter.
 12724 | D:10     | Entered Level 10 of the Dungeon
 12879 | D:10     | Found an ancient bone altar of Kikubaaqudgha.
 12908 | D:10     | Reached XP level 11. HP: 56/94 MP: 14/16
 14436 | D:10     | Noticed a two-headed ogre
 14695 | D:10     | Found Bont's Antique Armour Shoppe.
 14705 | D:10     | Bought a smoking leather armour for 203 gold pieces
 14715 | D:10     | Identified the cursed +1 leather armour "Liujil" {Int+6
                  | Dex+3 Stlth-} (You bought it in a shop on level 10 of the
                  | Dungeon)
 14737 | D:10     | Killed a two-headed ogre
 14737 | D:10     | Reached skill level 10 in Dodging
 14858 | D:10     | Noticed Erica
 14870 | D:10     | Killed Erica
 15267 | D:10     | Noticed Harold
 15544 | D:9      | Killed Harold
 15547 | D:9      | HP: 3/95 [troll (9)]
 16600 | D:11     | Killed an unseen horror
 16756 | D:11     | Noticed a white ugly thing
 16765 | D:11     | Killed a white ugly thing
 16790 | D:11     | Noticed a five-headed hydra
 16807 | D:11     | Killed a five-headed hydra
 17383 | D:11     | Reached ****** piety under Lugonu
 17462 | D:11     | Slain by an unseen horror

Levels and vault maps discovered:
D:1:      denvon_arrival_planthouse, layout_loops_ring, serial_forest,
          infiniplex_forest_straight_1, infiniplex_forest_straight_4,
          infiniplex_forest_straight_5, infiniplex_forest_lined_2,
          infiniplex_forest_corner_1, infiniplex_forest_fountain,
          infiniplex_forest_lined_1, infiniplex_forest_lined_room_
D:2:      layout_loops_ring
D:3:      layout_loops_ring, first_ration, uniq_grinder
D:4:      layout_layer_cave, fedhas_ov_isle_minmay, lightli_temple_of_fire,
          chequers_temple_overflow_statue_of_worship,
          minmay_temple_entry_large_hall
D:5:      layout_basic
D:6:      layout_basic, kennysheep_little_box, lightli_orcish_oven
D:7:      layout_loops_corners, kennysheep_mini
D:8:      layout_loops_ring, gammafunk_ghost_nasty_kobolds, serial_glass,
          glass_columns_c, glass_columns_a, glass_columns_c
D:9:      gammafunk_jiyva_shrine, layout_basic, minmay_lair_entry_grove,
          zombieorc1_lemuel, hangedman_fish_farm
D:10:     layout_gridville, serial_shops, shop, basic_altar, minmay_bent,
          uniq_harold, uniq_erica
D:11:     kennysheep_blocky_hall, layout_rooms

Skill      XL: |  1  2  3  4  5  6  7  8  9 10 11 |
---------------+----------------------------------+-----
Invocations    | 2 3 4 5 7 8 9 |  9.6
Fighting       | 4 5 6 7 8 9 |  9.1
Dodging        | 2 3 4 5 6 8 9 10 | 10.6
Long Blades    | 3 4 5 6 7 9 |  9.1
Armour         | 3 4 5 6 7 8 |  8.8
Shields        | 2 4 5 6 |  6.0
Evocations     | 2 3 |  3.5

Action                   |  1- 3 |  4- 6 |  7- 9 | 10-12 || total
-------------------------+-------+-------+-------+-------++-------
Melee: Falchion          |    90 |   137 |   156 |   480 ||   863
       Headbutt          |    15 |    15 |   100 |   134 ||   264
       Long sword        |       |       |   357 |       ||   357
       Great sword       |       |       |       |   111 ||   111
       Short sword       |       |       |       |     9 ||     9
Throw: Stone             |       |    13 |       |       ||    13
       Dart              |       |       |    15 |    59 ||    74
Invok: Depart the Abyss  |     1 |       |       |       ||     1
       Bend Space        |       |     2 |     1 |     6 ||     9
Evoke: Wand              |       |       |       |    25 ||    25
  Use: Potion            |       |     3 |     4 |    14 ||    21
       Scroll            |       |     4 |    13 |     5 ||    22
 Stab: Paralysed         |       |       |       |     5 ||     5
       Sleeping          |       |       |       |     1 ||     1
  Eat: Chunk             |     2 |     6 |    18 |    11 ||    37
       Ration            |       |       |     1 |     4 ||     5
Armor: Leather armour    |    16 |    11 |       |    98 ||   125
       Ring mail         |       |     7 |     7 |       ||    14
       Scale mail        |       |    19 |   162 |    47 ||   228
       Skin              |       |       |     1 |       ||     1
       Chain mail        |       |       |     2 |       ||     2
Dodge: Dodged            |    55 |    80 |   259 |   355 ||   749
Block: Kite shield       |       |       |   209 |   238 ||   447
       Rpst.: Falchion   |    19 |    22 |    23 |    37 ||   101
       Long sword        |       |       |    37 |       ||    37
       Great sword       |       |       |       |    33 ||    33

Table legend:
 A = Non-vault XP
 B = Vault XP
 C = Vault XP percentage of total XP
 D = Non-vault monster count
 E = Vault monster count
 F = Vault count percentage of total count
                 A         B        C        D         E       F
            +---------+---------+-------+---------+---------+-------
      Total |   13466 |    6866 |  33.8 |     292 |      64 |  18.0
            +---------+---------+-------+---------+---------+-------
        D:1 |      50 |       0 |   0.0 |      29 |       0 |   0.0
        D:2 |      87 |       0 |   0.0 |      34 |       0 |   0.0
        D:3 |     123 |     286 |  69.9 |      27 |       1 |   3.6
        D:4 |     648 |       0 |   0.0 |      26 |       0 |   0.0
        D:5 |     495 |       0 |   0.0 |      16 |       0 |   0.0
        D:6 |     851 |     151 |  15.1 |      31 |       6 |  16.2
        D:7 |    1480 |       0 |   0.0 |      18 |       0 |   0.0
        D:8 |    2280 |       0 |   0.0 |      34 |       0 |   0.0
        D:9 |    1902 |    3900 |  67.2 |      21 |      43 |  67.2
       D:10 |    2838 |    1174 |  29.3 |      28 |      10 |  26.3
       D:11 |    2712 |    1355 |  33.3 |      28 |       4 |  12.5
            +---------+---------+-------+---------+---------+-------
